[Event "Championnat du monde jeunes U10F"]
[Date "2024.11.16"]
[White "Bakhshi, Rana"]
[Black "Kiss, Villo"]
[WhiteElo "1727"]
[BlackElo "1492"]
[Round "2.30"]
[Result "1-0"]
[TimeControl "5400+30"]

1. d4 Nf6 2. c4 g6 3. Nc3 d5 4. cxd5 Nxd5 5. e4 Nxc3 6. bxc3 Bg7 7. Nf3 c5 8. Bb5+ Nd7 9. O-O O-O 10. Re1 Qa5 11. a4 Qxc3 12. Bd2 Qb2 13. Rb1 Qa2 14. Rb3 a6 15. Bd3 Qxa4 16. Bc2 Qc6 17. d5 Qc7 18. h4 b5 19. h5 e6 20. hxg6 fxg6 21. dxe6 Ne5 22. Nxe5 Qxe5 23. Bc3 Qxe6 24. Bxg7 Kxg7 25. Qd2 Bb7 26. Rh3 h5 27. Qg5 Qf6 28. Qe3 Qf4 29. Qc3+ Rf6 30. Rf3 Qg5 31. Rd1 Bc6 32. Rd6 Rf8 33. Rxc6 Qc1+ 34. Kh2 Qg5 35. Rfxf6 Rxf6 36. Rc7+ Kh6 37. Qe3 Rf4 38. g3 Rg4 39. Qxg5+ Rxg5 40. f4 Rg4 41. Bd1 c4 42. e5 a5 43. e6 a4 44. e7 h4 45. Bxg4 hxg3+ 46. Kxg3 g5 47. e8=Q a3 48. Qe6# 1-0

[Variant "Standard"]
[Site "Europe Echecs"]

[Event "Championnat du monde jeunes U10F"]
[Date "2024.11.16"]
[White "Babii, Oriiana"]
[Black "Camacho Chavez, Nirvana"]
[WhiteElo "1481"]
[BlackElo "1638"]
[Round "2.33"]
[Result "0-1"]
[TimeControl "5400+30"]

1. e4 c6 2. d4 d5 3. exd5 cxd5 4. Bd3 Nc6 5. c3 Qc7 6. h3 Nf6 7. Nf3 g6 8. Bg5 Bg7 9. Nbd2 Bf5 10. Bxf5 gxf5 11. Qc2 e6 12. Bxf6 Bxf6 13. O-O-O O-O-O 14. Rhg1 Kb8 15. g4 fxg4 16. Rxg4 Rc8 17. Nb3 h5 18. Rg3 Nb4 19. Rg4 Nc6 20. Rg3 Nb4 21. Qe2 Qf4+ 0-1

[Variant "Standard"]
[Site "Europe Echecs"]

[Event "Championnat du monde jeunes U10F"]
[Date "2024.11.16"]
[White "Yang, Haeun"]
[Black "Shtepa, Liubov"]
[WhiteElo "1475"]
[BlackElo "1615"]
[Round "2.34"]
[Result "0-1"]
[TimeControl "5400+30"]

1. e4 e5 2. Nf3 Nc6 3. Bc4 Bc5 4. Nc3 Nf6 5. d3 h6 6. h3 d6 7. a3 a5 8. Bd2 Bd7 9.
Qe2 Qe7 10. Ba2 Nd4 11. Nxd4 exd4 12.
Nd5 Nxd5 13. Bxd5 c6 14. Bc4 b5 15. Ba2 Be6 16. O-O Bxa2 17. Rxa2 O-O 18. Qg4 Kh8 19. c3 dxc3 20. Bxc3 f6 21. Re1 b4 22. axb4 axb4 23. Rxa8 Rxa8 24. Bd2 Ra2 25. Qg6 Rxb2 26. Ra1 Qf8 27. Be3 Bxe3 28. fxe3 Rb3 29. Ra6 Qc8 30. Ra7 Qg8 31. Qg4 Rxd3 32. Rc7 Qf8 33. Ra7 Qg8 34. Rc7 f5 35. Qxf5 b3 36. Rc8 b2 37. Rxg8+ Kxg8 38. Qe6+ Kh8 39. Qa2 Rd1+ 40. Kh2 b1=Q 41. Qf2 Rh1+ 42. Kg3 Qxe4 43. Qf7 Qxe3+ 44. Kg4 Qg5+ 45.
Kf3 Rf1+ 46. Ke2 Rxf7 47. Kd3 Qd5+ 48.
Kc3 Ra7 49. g4 Ra3+ 50. Kb2 Qa2+ 51.
Kc1 Rc3+ 52. Kd1 Qh2 53. g5 Ra3 54. gxh6 Ra1# 0-1

[Variant "Standard"]
[Site "Europe Echecs"]

[Event "Championnat du monde jeunes U10F"]
[Date "2024.11.16"]
[White "Song, Rina"]
[Black "Pambieri, Nicole"]
[WhiteElo "1599"]
[BlackElo "1482"]
[Round "2.35"]
[Result "0-1"]
[TimeControl "5400+30"]

1. e4 e5 2. Nf3 Nc6 3. d4 exd4 4. Bc4 Bc5 5. c3 Qe7 6. O-O dxc3 7. Nxc3 Nf6 8. Bg5 d6 9. Nd5 Qd8 10. Re1 Bg4 11. Bb5 Qe7 12. Rf1 Bc8 13. Bc4 Qd8 14. Re1 Bg4 15. Bb5 h6 16. Bh4 a6 17. Bxc6+ bxc6 18. Nxf6+ gxf6 19. Qd3 Rg8 20. e5 dxe5 21. Nxe5 Qxd3 22. Nxd3+ Be7 23. Bxf6 O-O-O 24. Rxe7 Rxd3 25.
Rxf7 Bh3 26. Rg7 Rxg7 27. Bxg7 Be6 28.
Bxh6 Kd7 29. Kf1 Rd6 30. a3 Bc4+ 31. Ke1 Rxh6 32. h3 Bd5 33. f3 Rg6 34. Kf2 Ke6 35. g4 Rf6 36. Re1+ Kf7 37. Re3 0-1

[Variant "Standard"]
[Site "Europe Echecs"]

[Event "Championnat du monde jeunes U10F"]
[Date "2024.11.17"]
[White "Norkulova, Malika"]
[Black "Trzcinska, Weronika"]
[WhiteElo "1480"]
[BlackElo "1653"]
[Round "3.14"]
[Result "1-0"]
[TimeControl "5400+30"]

1. c4 e5 2. Nc3 Nc6 3. g3 g6 4. Bg2 Bg7 5. e4 Nf6 6. Nge2 O-O 7. O-O d6 8. d3 Be6 9. a3 a5 10. b3 Qc8 11. Bb2 Bh3 12. Nd5 Bxg2 13. Kxg2 Nxd5 14. cxd5 Ne7 15. Rc1 c5 16. d4 exd4 17. Bxd4 Bxd4 18. Nxd4 Qd7 19. Nf3 f6 20. Qd2 Kg7 21. h3 Qb5 22. b4 axb4 23. axb4 cxb4 24. Nd4 Qb6 25.
Ne6+ Kf7 26. Nxf8 Rxf8 27. Rb1 Qc5 28. Rxb4 b6 29. Rc1 Qa5 30. Rc7 Rc8 31. Rb7 Rc4 32. Qh6 Rxe4 33. Rxe4 Qxd5 34. Rxe7+ Kg8 35. Qg7# 1-0

[Variant "Standard"]
[Site "Europe Echecs"]

[Event "Championnat du monde jeunes U10F"]
[Date "2024.11.17"]
[White "Vitsiuk, Aleksandra"]
[Black "Li, Wan Qin"]
[WhiteElo "1476"]
[BlackElo "1628"]
[Round "3.28"]
[Result "0-1"]
[TimeControl "5400+30"]

1. e4 c5 2. Nf3 d6 3. d4 cxd4 4. Qxd4 Nc6 5. Bb5 Bd7 6. Bxc6 Bxc6 7. Nc3 e6 8. O-O Nf6 9. Bg5 e5 10. Qd3 h6 11. Bxf6 Qxf6 12.
Rad1 Be7 13. Nb5 O-O 14. Na3 Rad8 15. c4 Qg6 16. Rfe1 f5 17. Nd2 fxe4 18. Nxe4 d5 19. Ng3 e4 20. Qb3 Bc5 21. Rd2 d4 22. Nc2 e3 23. fxe3 dxe3 24. Rde2 Rd3 25. Qxd3 Qxd3 26. Nxe3 Re8 27. Nf1 Bb4 28. Kf2 Bxe1+ 29. Kxe1 Bxg2 30. Rxg2 Rxe3+ 31. Nxe3 Qxe3+ 32. Re2 Qc1+ 33.
Kf2 Qxc4 34. b3 Qf4+ 35. Ke1 Kh7 36.
Kd1 Qf1+ 37. Kd2 Qa1 38. Ke3 a5 39. Kd3 h5 40. Rc2 Kh6 41. Kc4 Qe5 42. Kd3 g5 43. Re2 Qd5+ 44. Kc3 g4 45. Kb2 h4 46. Ka3 g3 47. Ka4 g2 48. Re1 g1=Q 49. Rxg1 Qd4+ 0-1

[Variant "Standard"]
[Site "Europe Echecs"]

[Event "Championnat du monde jeunes U10F"]
[Date "2024.11.19"]
[White "Nandinjiguur, Chinzorig"]
[Black "Anistoroaei, Maria"]
[WhiteElo "1807"]
[BlackElo "1715"]
[Round "5.2"]
[Result "1/2-1/2"]
[TimeControl "5400+30"]

1. d4 d5 2. c4 e6 3. Nc3 Nf6 4. Bg5 Nbd7 5. Nf3 c6 6. e3 Qa5 7. Nd2 Bb4 8. Qc2 O-O 9. Be2 Re8 10. O-O dxc4 11. Bf4 b5 12. a4 Qb6 13. b3 cxb3 14. Qxb3 Bxc3 15. Qxc3 Nd5 16. Qb2 Nxf4 17. exf4 bxa4 18. Qc3 c5 19.
Rxa4 cxd4 20. Rxd4 e5 21. Rb4 Qf6 22. Ne4 Qe7 23. Bf3 Ba6 24. Ra1 Rab8 25. Rxb8 Rxb8 26. h3 Bb7 27. Rxa7 Bxe4 28. Bxe4 exf4 29. Bf5 Qc5 30. Bxh7+ Kxh7 31. Qd3+ Kh8 32. Rxd7 Qe5 33. Rxf7 Qe1+ 34. Kh2 Qxf2 35. Qg6 Qg3+ 36. Qxg3 fxg3+ 37. Kxg3 Kh7 38. Kg4 Kg6 39. Rf4 Rb5 40. h4 Kh6 41. Rc4 Rb8 42. Rc6+ g6 43. Kh3 Ra8 44. Rc3 Rb8 45. g4 Rg8 46. g5+ Kh7 47. Rc7+ Kh8 48. Rc6 Kg7 49. Kg4 Rb8 50. Rc7+ Kg8 51. Rc4 Rb1 52. Kf4 Rb5 53. Ra4 Kf7 54. Ke4 Kg7 55. Rd4 Kf7 56. Ke3 Ke6 57. Kf4 Rc5 58. Re4+ Kf7 59. Ra4 Rb5 60. Ke4 Kg7 61. Ra7+ Kg8 62. Rd7 Kh8 63. Rd5 Rb7 64. Ke5 Rf7 65. Ke6 Rf4 66. Rd8+ Kg7 67. Rd7+ Kg8 68. Rb7 Kf8 69. Rb3 Kg7 70. Rb7+ Kg8 71. Rd7 Kf8 72. Ke5 Rf1 73. Rd6 Kg7 74. Rd4 Rf5+ 75. Ke4 Rf1 76. Rd7+ Kg8 77. Ke5 Rf2 78. Rb7 Rf3 79. Rb6 Kg7 80. Rb4 Rf5+ 81. Ke4 Rf1 82. Ke5 Rf5+ 83. Ke6 Rf2 84. Rb7+ Kg8 85. Re7 Rf4 86. Re8+ Kg7 87. Re7+ Kg8 88. Ke5 Rf1 89. Rd7 Rf2 90. Rd4 Rf5+ 91. Ke4 Rf1 92. Rd3 Kg7 93. Rf3 Re1+ 94. Kf4 Re7 95. Kg4 Re4+ 96. Kg3 Re7 1/2-1/2

[Variant "Standard"]
[Site "Europe Echecs"]

[Event "Championnat du monde jeunes U10F"]
[Date "2024.11.19"]
[White "Xin, Lisa J."]
[Black "Sobirova, Mumtozbegim"]
[WhiteElo "1602"]
[BlackElo "1476"]
[Round "5.29"]
[Result "0-1"]
[TimeControl "5400+30"]

1. d4 d5 2. Nf3 Nf6 3. e3 e6 4. Bd3 c5 5. b3 Nc6 6. Bb2 Bd6 7. O-O O-O 8. Nbd2 Qc7 9. a3 cxd4 10. exd4 a6 11. Qe2 Re8 12. Ne5 b5 13. f4 b4 14. a4 Ne7 15. g4 Ng6 16. g5 Nd7 17. Qg4 f5 18. gxf6 Nxf6 19. Qg2 Nh4 20. Qg5 Nf5 21. Rf2 Rb8 22. Re1 h6 23. Qg6 Nh4 24. Qg3 Nf5 25. Bxf5 exf5 26. Rg2 Ne4 27. Nxe4 dxe4 28. d5 g5 29. Qh3 g4 30. Qxh6 Qb6+ 31. Kh1 Bxe5 32. Qxb6 Rxb6 33. Bxe5 Bb7 34. Rd1 Rg6 35. Kg1 Rd8 36. d6 e3 37. Rg3 e2 38. Rc1 Bf3 39. Kf2 Rc8 40. c4 bxc3 41. Rxc3 Rxc3 42. Bxc3 Rxd6 43.
b4 Rd3 44. Be5 Rd1 45. Rg1 Rxg1 46.
Kxg1 e1=Q# 0-1

[Variant "Standard"]
[Site "Europe Echecs"]

[Event "Championnat du monde jeunes U10F"]
[Date "2024.11.20"]
[White "Zhumambayeva Aliya"]
[Black "Blakhina Viktoryia"]
[WhiteElo "1607"]
[BlackElo "1436"]
[Round "6.12"]
[Result "1-0"]
[TimeControl "5400+30"]

1. d4 Nf6 2. c4 e5 3. dxe5 Ng4 4. e3 Nxe5 5. f4 Ng6 6. Nc3 Nc6 7. Bd3 Bb4 8. Ne2 d6 9. a3 Bxc3+ 10. Nxc3 Bd7 11. O-O O-O 12. b4 a6 13. Bb2 Re8 14. Nd5 Nce7 15. Nf6+ Kh8 16. Qh5 h6 17. Nxe8 Qxe8 18. Qxh6+ Kg8 19. Qxg7# 1-0

[Variant "Standard"]
[Site "Europe Echecs"]

[Event "Championnat du monde jeunes U10F"]
[Date "2024.11.20"]
[White "Foong, Livia"]
[Black "Afandi, Sadagul"]
[WhiteElo "1461"]
[BlackElo "1625"]
[Round "6.28"]
[Result "1/2-1/2"]
[TimeControl "5400+30"]

1. d4 d5 2. Nf3 Nf6 3. Bf4 c5 4. e3 Nc6 5. Be2 Bg4 6. Nbd2 cxd4 7. Nxd4 Bxe2 8. Nxe2 e5 9. Bg5 Be7 10. O-O O-O 11. c4 d4 12. exd4 Nxd4 13. Nxd4 Qxd4 14. Qb3 b6 15. Be3 Qd7 16. Rfd1 Ng4 17. Nf3 Qc7 18. Qc2 Nxe3 19. fxe3 Rfd8 20. Qe4 f6 21. b3 Rxd1+ 22. Rxd1 Rd8 23. Rd5 Rd7 24. Nd2 1/2-1/2

[Variant "Standard"]
[Site "Europe Echecs"]

[Event "Championnat du monde jeunes U10F"]
[Date "2024.11.20"]
[White "Gastaldo, Agathe"]
[Black "Mamarasulova, Yasmina"]
[WhiteElo "1589"]
[BlackElo "1444"]
[Round "6.35"]
[Result "1/2-1/2"]
[TimeControl "5400+30"]

1. e4 c5 2. Nf3 Nc6 3. d4 cxd4 4. Nxd4 g6 5. Nc3 Bg7 6. Be3 Nf6 7. Nxc6 bxc6 8. e5 Ng8 9. f4 Nh6 10. h3 Nf5 11. Bf2 h5 12. Qd2 Qc7 13. O-O-O Rb8 14. Ne4 Qb7 15. Qc3 1/2-1/2

[Variant "Standard"]
[Site "Europe Echecs"]

[Event "Championnat du monde jeunes U10F"]
[Date "2024.11.22"]
[White "Malcheva, Niya"]
[Black "Anistoroaei, Maria"]
[WhiteElo "1620"]
[BlackElo "1715"]
[Round "7.9"]
[Result "0-1"]
[TimeControl "5400+30"]

1. e4 c5 2. c3 e6 3. d4 d5 4. exd5 exd5 5. Bb5+ Nc6 6. Nf3 Bd6 7. dxc5 Bxc5 8. O-O Ne7 9. Nbd2 O-O 10. Nb3 Bd6 11. Bg5 Bg4 12. Be2 Re8 13. Nfd4 Bxe2 14. Qxe2 Qc7 15. h3 Ng6 16. Qf3 Re5 17. Be3 a6 18. Rad1 Na5 19. Nxa5 Qxa5 20. a3 Rae8 21. Nf5 Bf8 22. Rd2 Qb5 23. Rfd1 Rd8 24. Nd4 Qd7 25. Nc2 Rf5 26. Qe2 a5 27. Bb6 Re8 28. Qg4 Ne5 29. Rxd5 Qe6 30. Qd4 Nc6 31. Qd2 Ne5 32. Qd4 Qg6 33. Kh1 Rg5 34. Ne3 Nc6 35. Rxg5 Qxg5 36. Qd5 Re5 37. Qf3 Rb5 38. Rd5 Ne5 39. Rxb5 Nxf3 40. Rxg5 Nxg5 41. Bxa5 Ne4 42. Kg1 Bc5 43. Bb4 Ba7 44. Kf1 g6 45. Ke2 f5 46. f3 Ng3+ 47. Kd3 Nh5 48. Nd5 Kf7 49. Kc4 Ke6 50. g4 fxg4 51. fxg4 Ng3 52. Nc7+ Kf6 53. Nb5 Bf2 54. Bc5 Ne4 55. Bxf2 Nxf2 56. Nd6 Nxh3 57. Nxb7 h5 58. gxh5 gxh5 59. a4 h4 60. Nc5 Nf2 61. Nd7+ Kf5 62. a5 h3 63. a6 h2 64. a7 h1=Q 65. Nb6 Qc6+ 0-1

[Variant "Standard"]
[Site "Europe Echecs"]

[Event "Championnat du monde jeunes U10F"]
[Date "2024.11.22"]
[White "Mamarasulova, Yasmina"]
[Black "Macakova, Bianka"]
[WhiteElo "1444"]
[BlackElo "1610"]
[Round "7.33"]
[Result "1-0"]
[TimeControl "5400+30"]

1. d4 f5 2. Nf3 Nf6 3. g3 g6 4. Bg2 Bg7 5. O-O O-O 6. b3 d6 7. Bb2 c6 8. c4 Qe8 9. Nc3 e5 10. dxe5 dxe5 11. e4 Na6 12. exf5 Bxf5 13. Re1 Rd8 14. Qe2 Ng4 15. Rad1 Rxd1 16. Rxd1 Rf7 17. h3 Nh6 18. Re1 Re7 19. g4 Bd7 20. Ne4 Nf7 21. Ba3 Re6 22. Nfg5 Nxg5 23. Nxg5 Rf6 24. Qxe5 Qxe5 25. Rxe5 Re6 26. Re1 Rf6 27. Re5 h6 28. Re7 hxg5 29. Rxd7 Rf7 30. Rxf7 Kxf7 31. Kf1 Nc7 32. Bc5 a6 33. Ke2 Ne6 34. Be3 Nf4+ 1-0

[Variant "Standard"]
[Site "Europe Echecs"]

[Event "Championnat du monde jeunes U10F"]
[Date "2024.11.22"]
[White "Muradli, Sabira"]
[Black "Tykalova, Barbora"]
[WhiteElo "1430"]
[BlackElo "1596"]
[Round "7.35"]
[Result "0-1"]
[TimeControl "5400+30"]

1. e4 d5 2. exd5 Qxd5 3. Nc3 Qa5 4. Bc4 c6 5. d3 Nf6 6. Ne2 Bf5 7. a4 e6 8. O-O Bd6 9. Ng3 Bg6 10. Be3 Qc7 11. Bg5 Nbd7 12. Qf3 Ne5 13. Qe2 Nxc4 14. dxc4 h5 15. Bxf6 gxf6 16. Qf3 f5 17. Rfe1 O-O-O 18. h4 Be7 19. Nge2 Bxh4 20. Nf4 Rdg8 21. Rad1 e5 22. Nxg6 fxg6 23. Ne4 Be7 24. Nc3 Bh4 25. Ne4 Be7 26. Nc3 e4 27. Qh3 Qf4 28. Rxe4 Qc7 29. Re6 Kb8 30. Rde1 Bc5 31. R6e5 Qb6 32. Kh1 Bxf2 33. R1e2 Bd4 34. Re6 Qxb2 35. Nd1 Qc1 36. Qg3+ Ka8 37. Qe1 a6 38. c3 Bb6 39. Nb2 Bd4 40. Nd1 Bb6 41. Nb2 Qg5 42. Nd3 h4 43. Re8+ Rxe8 44. Rxe8+ Rxe8 45. Qxe8+ Ka7 46. Qe5 Qd2 47. Ne1 Bf2 48. Nf3 Qd1+ 49. Ne1 Qxe1+ 50. Qxe1 Bxe1 51. Kh2 Bxc3 52. Kh3 g5 53. a5 Bxa5 54. g4 fxg4+ 55. Kxg4 Kb6 56. c5+ Kxc5 57. Kh3 b5 58. Kh2 b4 59. Kh3 b3 60. Kh2 b2 61. Kh3 b1=Q 62. Kh2 Qd3 63. Kg2 Be1 64. Kh1 Qf1+ 65. Kh2 Bg3# 0-1

[Variant "Standard"]
[Site "Europe Echecs"]

[Event "Championnat du monde jeunes U10F"]
[Date "2024.11.23"]
[White "Isakhanyan, Nare"]
[Black "Peng, Jingyi(GD)"]
[WhiteElo "1540"]
[BlackElo "1720"]
[Round "8.9"]
[Result "0-1"]
[TimeControl "5400+30"]

1. d4 Nf6 2. c4 e6 3. Nc3 d5 4. cxd5 exd5 5. Bg5 Be7 6. e3 c6 7. Bd3 O-O 8. Qc2 h6 9. Bh4 Be6 10. Nf3 Nbd7 11. O-O Rc8 12. Ne5 Nxe5 13. dxe5 Nd7 14. Bxe7 Qxe7 15. f4 f5 16. Ne2 c5 17. Ng3 Qf7 18. Rfd1 a6 19. a4 c4 20. Be2 Nc5 21. Bf3 Nb3 22. Rab1 Rc5 23. Ne2 b5 24. axb5 axb5 25. Nd4 Nxd4 26. Rxd4 Ra8 27. Qd2 Kh7 28. Rd1 Qa7 29. h3 Qb6 30. Kh2 Ra2 31. Qc1 Qb7 32. b4 Rc8 33. Qb1 Ra3 34. Bxd5 Bxd5 35. Rxd5 Rf8 36. e6 Rf6 37. Rxf5 Rg6 38. e4 Rd3 39. Re5 Qb6 40. Rxd3 Qf2 41. Qg1 Qxf4+ 42. g3 Qxe5 43. Rd5 Qxe4 44. Rxb5 c3 45. Qg2 Qxe6 46. Rc5 Qb3 47. b5 Qb4 48. Rc7 Qb2 49. Kh1 Re6 50. Qf1 Qc2 51. Rxc3 Qxc3 52. Qf5+ Rg6 53. Qf4 Qe5 0-1

[Variant "Standard"]
[Site "Europe Echecs"]

[Event "Championnat du monde jeunes U10F"]
[Date "2024.11.24"]
[White "Afandi, Sadagul"]
[Black "Macchia-Shahar, Yali"]
[WhiteElo "1625"]
[BlackElo "1564"]
[Round "9.26"]
[Result "1-0"]
[TimeControl "5400+30"]

1. e4 c5 2. Nf3 e6 3. d4 cxd4 4. Nxd4 a6 5. Nc3 Qc7 6. g3 Nf6 7. Bg2 Nc6 8. O-O Be7 9. Re1 d6 10. h3 Bd7 11. Nxc6 Bxc6 12. Bf4 Rd8 13. Qe2 O-O 14. Rad1 e5 15. Be3 Qd7 16. Rd2 Qe6 17. Red1 Rd7 18. g4 Rfd8 19. Nd5 Bf8 20. Nb6 Re7 21. Bc5 Rc7 22. Nd5 Rcc8 23. Bb6 Rd7 24. g5 Ne8 25. h4 f6 26. gxf6 gxf6 27. Kh2 Bh6 28. Be3 Bxe3 29. Bh3 Qf7 30. Qxe3 Kh8 31. Bxd7 Bxd7 32. Rg1 Ng7 33. Qh6 Rf8 34. f3 Qg8 35. Rdg2 Nf5 1-0

[Variant "Standard"]
[Site "Europe Echecs"]

[Event "Championnat du monde jeunes U10F"]
[Date "2024.11.24"]
[White "Mamarasulova, Yasmina"]
[Black "Milojevic, Dunja"]
[WhiteElo "1444"]
[BlackElo "1610"]
[Round "9.34"]
[Result "1/2-1/2"]
[TimeControl "5400+30"]

1. d4 Nf6 2. c4 e6 3. Nc3 Bb4 4. e3 c5 5. Bd3 Nc6 6. Nf3 Bxc3+ 7. bxc3 d5 8. O-O Qa5 9. Qc2 O-O 10. Ne5 h6 11. f4 cxd4 12. Nxc6 bxc6 13. cxd4 Ba6 14. Bd2 Qa3 15.
Rab1 Rab8 16. Rb3 Rxb3 17. axb3 Rb8 18. Rb1 Rf8 19. Rf1 Rb8 20. Rb1 Nd7 21. Bc1 Nf6 22. Bd2 Nd7 23. Bc1 Qb4 24. Bd2 Qb6 25. Ra1 c5 26. cxd5 Bxd3 27. Qxd3 exd5 28. dxc5 Qxb3 29. Qxb3 Rxb3 30. c6 Nb6 31. Rxa7 Rb1+ 32. Kf2 Rb2 33. Ke2 Rc2 34. c7 Kh7 35. Kd3 Rc6 36. Bc3 Nc8 37. Rb7 Nd6 38. Rb3 Rxc7 39. Be5 Rd7 40. Bxd6 Rxd6 41. Kd4 Kg6 42. Rb5 f6 43. Rxd5 Ra6 44. Ke4 Ra2 45. Kf3 Ra3 46. h4 h5 47. g3 f5 48. Rd6+ Kf7 49. Rb6 Rc3 50. Rb2 Ke6 51. Rb6+ Kf7 52. Rb2 Ra3 53. Ke2 Kf6 54. Rb4 Ra2+ 55. Kf3 Ra3 56. Rb8 Kf7 57. Rh8 Kg6 58. Re8 Kf7 59. Re5 Kf6 60. Kg2 Ra2+ 61. Kh3 Re2 62. Re8 Kg6 63. Re6+ 1/2-1/2

[Variant "Standard"]
[Site "Europe Echecs"]

[Event "Championnat du monde jeunes U10F"]
[Date "2024.11.26"]
[White "Berikkyzy Alanna"]
[Black "Anistoroaei, Maria"]
[WhiteElo "2043"]
[BlackElo "1715"]
[Round "11.1"]
[Result "1-0"]
[TimeControl "5400+30"]

1. e4 c5 2. Nf3 e6 3. d4 cxd4 4. Nxd4 a6 5. c4 Nf6 6. Nc3 Qc7 7. Be2 d6 8. Be3 Nbd7 9. O-O b6 10. f3 Bb7 11. Qd2 Be7 12. Rfc1 Rc8 13. b4 O-O 14. a4 Qb8 15. Kh1 Ne5 16. Qa2 Qa8 17. Qb3 Rfe8 18. a5 Bd8 19. axb6 Bxb6 20. Na4 Bd8 21. b5 Nfd7 22. bxa6 Bxa6 23. Nb5 Bxb5 24.
cxb5 Bf6 25. Nc3 Qb8 26. b6 Nc5 27. Bxc5 dxc5 28. b7 Rcd8 29. Rcb1 Nc6 30. Ra8 Qc7 31. Rxd8 Rxd8 32. Na4 Nb8 33. Qb6 Qf4 34. Nxc5 g6 35. Nd3 Qd2 36. Bf1 Kg7 37. e5 Be7 38. Nf2 Qc2 39. Ne4 Rd5 40. Qb2 Qc7 41. f4 Rd7 42. Qc3 Qd8 43. Qc8 Ba3 44. Qxd8 Rxd8 45. g3 Be7 46. Bg2 Na6 47. Kg1 Rb8 48. Kf1 Nb4 49. Nd6 Nd3 50. Ra1 Nc5 51. Ra8 Nd7 52. Ne8+ Kh6 53. Nc7 Rd8 54. Na6 Kg7 55. Bc6 Nb8 56. Nxb8 Rd2 57. Nd7 Rb2 58. b8=Q Rxb8 59. Rxb8 g5 60. fxg5 Bxg5 61. h4 Bh6 62. Nf6 Kg6 63. Be4+ Kg7 64. Nh5# 1-0

[Variant "Standard"]
[Site "Europe Echecs"]

[Event "Championnat du monde jeunes U10F"]
[Date "2024.11.26"]
[White "Yang, Aimee"]
[Black "Khusnitdinova, Husnorakhon"]
[WhiteElo "1864"]
[BlackElo "1626"]
[Round "11.2"]
[Result "1-0"]
[TimeControl "5400+30"]

1. d4 Nf6 2. c4 e6 3. Nc3 Bb4 4. e3 O-O 5. Bd2 b6 6. Nf3 Bb7 7. Bd3 c5 8. a3 Bxc3 9. Bxc3 d5 10. O-O Nbd7 11. b4 Rc8 12. Rc1 Re8 13. dxc5 bxc5 14. Nd2 e5 15. bxc5 Nxc5 16. Bf5 Rb8 17. Bb4 dxc4 18. Nxc4 Nce4 19. f3 Ng5 20. Nd6 Re7 21. Ne4 Nd5 22. Bxe7 Qxe7 23. Qb3 g6 24. Bh3 Nxh3+ 25. gxh3 Rd8 26. Rfd1 Rd7 27. Rc5 f5 28. Rcxd5 Bxd5 29. Rxd5 Rxd5 30. Qxd5+ Kg7 31. Qd6 Qe8 32. Nc5 Kh6 33. Nd7 Kg5 34. Qf6+ Kh5 35. h4 h6 36. Nxe5 a5 37. e4 Qg8 38. Qxg6+ Qxg6+ 39. Nxg6 Kxg6 40.
Kf2 f4 41. Ke2 Kh5 42. Kd3 Kxh4 43.
Kd4 h5 44. e5 Kh3 45. e6 h4 46. e7 Kxh2 47. e8=Q h3 48. Qg6 Kh1 49. Qg4 h2 50. Qxf4 Kg2 51. Qxh2+ Kxh2 52. f4 Kg3 53. f5 a4 54. f6 Kg4 55. f7 Kh4 56. f8=Q Kg5 57. Ke5 Kg4 58. Qf4+ Kh5 59. Qg3 Kh6 60. Ke4 1-0

[Variant "Standard"]
[Site "Europe Echecs"]

[Event "Championnat du monde jeunes U10F"]
[Date "2024.11.26"]
[White "Filippova, Milana"]
[Black "Tselmuun, Ider"]
[WhiteElo "1687"]
[BlackElo "1846"]
[Round "11.3"]
[Result "1/2-1/2"]
[TimeControl "5400+30"]

1. e4 c5 2. Nf3 Nc6 3. Bb5 e5 4. Bc4 Be7 5. d3 Nf6 6. Nc3 d6 7. h3 O-O 8. Bg5 a6 9. Bxf6 Bxf6 10. a4 Nb4 11. O-O Rb8 12. Nh2 Bg5 13. Ng4 Be6 14. Ne3 Bxe3 15. fxe3 Qg5 16. Rf3 b6 17. Qe2 Qe7 18. Raf1 Qd7 19. Qf2 b5 20. axb5 axb5 21. Bxe6 Qxe6 22. Rg3 Rb7 23. Rg4 Kh8 24. d4 Ra8 25. Rd1 f6 26. dxc5 dxc5 27. Qe2 Qe8 28. Nd5 Nxd5 29. exd5 Ra2 30. b3 Rba7 31. e4 Qd7 32. Rg3 Rb7 33. d6 Rb6 34. Rgd3 Raa6 35. Qg4 Rb7 36. Rd5 Rc6 37. Ra1 g6 38. Rad1 Qxg4 39. hxg4 Rd7 40. c3 Kg7 41. b4 cxb4 42. cxb4 Kh6 43. Kf2 Kg5 44. Kg3 Rc3+ 45. R1d3 Rc6 46. Rxb5 Rdxd6 47. Rxd6 Rxd6 48. Rd5 Rc6 49. Rc5 Rd6 50. Rd5 Rb6 51. b5 Rb7 52. Rc5 h5 53. gxh5 gxh5 54. Rd5 h4+ 55. Kf3 Kh5 56. Rc5 Kg5 57. Rd5 1/2-1/2

[Variant "Standard"]
[Site "Europe Echecs"]

[Event "Championnat du monde jeunes U10F"]
[Date "2024.11.26"]
[White "Nguyen Doan, Bao Anh Angelina"]
[Black "Pooja Shree R"]
[WhiteElo "1628"]
[BlackElo "1615"]
[Round "11.4"]
[Result "0-1"]
[TimeControl "5400+30"]

1. e4 c5 2. Nf3 Nc6 3. d4 cxd4 4. Nxd4 Nf6 5. Nc3 d6 6. Bc4 e6 7. Be3 Bd7 8. Qe2 Be7 9. O-O-O a6 10. Bb3 Qc7 11. Kb1 b5 12. Nxc6 Bxc6 13. f3 Rb8 14. g4 b4 15. Na4 Qa5 16. Nb6 Rxb6 17. Bxb6 Qxb6 18. h4 Nd7 19. Bc4 a5 20. g5 Nc5 21. h5 Kd7 22. Rhg1 Kc7 23. g6 fxg6 24. hxg6 h6 25. Rg4 Bf6 26. b3 Rd8 27. Rgg1 d5 28. e5 Be7 29. Bd3 a4 30. Rg4 Ra8 31. Rf4 Qa5 32. Rf7 Kd7 33. Rxg7 axb3 34. cxb3 Nxd3 35. Rxd3 Bb5 36. Rxd5+ exd5 37. e6+ Kc6 38. Qc2+ Bc5 39. Qd2 Bd3+ 40. Qxd3 Qxa2+ 41. Kc1 Qa1+ 42. Kd2 Ra2+ 43.
Qc2 Qc3+ 0-1

[Variant "Standard"]
[Site "Europe Echecs"]

[Event "Championnat du monde jeunes U10F"]
[Date "2024.11.26"]
[White "Rekhviashvili, Mariam"]
[Black "Yunker, Alisa Genrietta"]
[WhiteElo "1610"]
[BlackElo "1872"]
[Round "11.5"]
[Result "0-1"]
[TimeControl "5400+30"]

1. e4 e5 2. Nf3 Nc6 3. Bb5 a6 4. Bxc6 dxc6 5. O-O Qf6 6. d3 Bg4 7. Nbd2 Bd6 8. h3 h5 9. Re1 Ne7 10. d4 Bxf3 11. Nxf3 O-O-O 12. Bg5 Qe6 13. Bxe7 Qxe7 14. c3 g5 15. Qe2 f6 16. Nd2 exd4 17. cxd4 Bb4 18. a3 Ba5 19. b4 Bb6 20. Nb3 Bxd4 21. Nxd4 Rxd4 22. Qe3 Qe5 23. Rac1 Re8 24. f3 Qd6 25. Qf2 h4 26. Qf1 Rd2 27. Red1 Rd8 28. Rxd2 Qxd2 29. Qe1 Qd4+ 30. Kh1 Qd3 31. Ra1 Qc2 32. Qc1 Qxc1+ 33. Rxc1 Rd3 34. Ra1 Kd7 35. Kg1 Kd6 36. Ra2 b6 37. Kf2 c5 38. Ke2 Rb3 39. bxc5+ Kxc5 40. Kd2 Kd4 41. Kc2 Rc3+ 42. Kd2 c5 43. Ke2 Re3+ 44. Kf2 c4 45. a4 c3 46. a5 b5 47. Ra1 Rd3 48. Ke1 c2 49. Ke2 b4 50. Rc1 b3 51. Ra1 Kc3 52. Rf1 b2 0-1

[Variant "Standard"]
[Site "Europe Echecs"]

[Event "Championnat du monde jeunes U10F"]
[Date "2024.11.26"]
[White "Nandinjiguur, Chinzorig"]
[Black "Sholpanbek, Zhansaya"]
[WhiteElo "1807"]
[BlackElo "1657"]
[Round "11.6"]
[Result "0-1"]
[TimeControl "5400+30"]

1. d4 Nf6 2. c4 g6 3. Nc3 Bg7 4. e4 d6 5. Nf3 O-O 6. Be2 Nbd7 7. O-O e5 8. Be3 Qe7 9. Qc2 Re8 10. d5 a5 11. a3 Nc5 12. b4 Na6 13. Qb3 Ng4 14. Bg5 f6 15. Bh4 g5 16. Bg3 f5 17. exf5 Bxf5 18. h3 Nh6 19. Nh2 Bg6 20. f3 Nf5 21. Ne4 Nd4 22. Qd1 axb4 23. axb4 Nxb4 24. Rb1 Ra2 25. Rf2 c5 26. Bf1 Ra3 27. Qc1 Bxe4 28. fxe4 Rxg3 29. Ng4 h5 30. Ne3 Rf8 31. Rbb2 Rf4 32. Kh2 h4 33. Nf5 Nxf5 34. exf5 e4 35. f6 Qxf6 36. Rxf4 gxf4 37. Rf2 e3 38. Re2 Qa1 39. Qxa1 Bxa1 40. Re1 Bd4 41. Be2 Rg7 42. Rf1 Be5 43. Kh1 Rd7 44. Bg4 Rd8 45. Be6+ Kg7 46. Bg4 Ra8 47. Kg1 Ra2 48. Re1 Nd3 49. Re2 Ra1+ 50. Kh2 f3+ 51. g3 hxg3# 0-1

[Variant "Standard"]
[Site "Europe Echecs"]